 Dungeon Crawl Stone Soup version 0.31.0-12-g77e489cdc1 (webtiles) character file.

Game seed: 39716554719410767

44 lordive the Chiller (level 3, -3/24 HPs)
             Began as a Merfolk Ice Elementalist on Mar 2, 2024.
             Slain by a ribbon worm (7 damage)
             ... on level 2 of the Dungeon.
             The game lasted 00:02:53 (1647 turns).

lordive the Chiller (Merfolk Ice Elementalist)      Turns: 1647, Time: 00:02:53

Health: -3/24      AC:  2    Str:  8    XL:     3   Next: 60%
Magic:  0/7        EV: 12    Int: 16    God:
Gold:   93         SH:  0    Dex: 14    Spells: 6/7 levels left

rFire   . . .        h - +1 long sword (vamp)
rCold   . . .        (no shield)
rNeg    . . .        a - +0 robe
rPois   .            (no helmet)
rElec   .            (no cloak)
rCorr   .            (no gloves)
SInv    .            (no boots)
Will    .....        (no amulet)
Stlth   ++           (no ring)
HPRegen 0.24/turn    (no ring)
MPRegen 0.10/turn

%: no passive effects
@: no status effects
A: (nimble swimmer 2), mertail
a: no special abilities


You were on level 2 of the Dungeon.
You visited 1 branch of the dungeon, and saw 2 of its levels.

You collected 93 gold pieces.

Inventory:

Hand Weapons
 h - a +1 vampiric long sword (weapon)
Armour
 a - a +0 robe (worn)
Jewellery
 d - an amulet of guardian spirit
Scrolls
 e - 2 scrolls of teleportation {unknown}
 f - a scroll of immolation {unknown}
Potions
 b - a potion of magic
 c - a potion of degeneration {unknown}
 g - a potion of heal wounds {unknown}


   Skills:
 + Level 2.7 Dodging
 + Level 2.2 Stealth
 + Level 2.7 Spellcasting
 * Level 5.2 Ice Magic


You had 6 spell levels left.
You knew the following spells:

 Your Spells              Type           Power      Damage    Failure   Level
a - Freeze                Ice            72%        1d8       2%          1

Your spell library contained the following spells:

 Spells                   Type           Power      Damage    Failure   Level
 Frozen Ramparts          Ice            36%        1d6       7%          3
 Ozocubu's Armour         Ice            18%        N/A       7%          3
 Summon Ice Beast         Ice/Summ       10%        N/A       21%         3


Dungeon Overview and Level Annotations

Branches:
Dungeon (2/15)

Altars:


Innate Abilities, Weirdness & Mutations

((You are very nimble when in or above water. (Stealth+, EV+, Speed+++)))
Your lower body shifts to a powerful aquatic tail in water.


Message History

The stream of webbing hits you but does no damage.
You are caught in a web!
There is a web here.
The web tears apart.
The ribbon worm expels a string of sticky webbing.
The stream of webbing hits you but does no damage.
You are caught in a web!
There is a web here.
The web tears apart.
You see here a +1 vampiric long sword.
h - a +1 vampiric long sword The ribbon worm expels a string of sticky webbing.
The stream of webbing hits you but does no damage.
You are caught in a web!
You feel a sense of dread.
h - a +1 vampiric long sword (weapon)
Casting: Freeze (safe; 2% risk of failure)
Confirm with . or Enter, or press ? or * to list all spells.
Aiming: Freeze (safe; 2% risk of failure)
Press: ? - help, Shift-Dir - straight line, f/p - ribbon worm
Aim: a ribbon worm (catching its breath)
You freeze the ribbon worm.
The ribbon worm is lightly wounded.
The ribbon worm completely misses you.
Casting: Freeze (safe; 2% risk of failure)
Confirm with . or Enter, or press ? or * to list all spells.
Aiming: Freeze (safe; 2% risk of failure)
Press: ? - help, Shift-Dir - straight line, f/p - ribbon worm
Aim: a ribbon worm (lightly wounded, catching its breath)
You freeze the ribbon worm.
The ribbon worm is lightly wounded.
The web tears apart.
The ribbon worm bites you.
You hit the ribbon worm.
The ribbon worm is heavily wounded.
The ribbon worm bites you!
* * * LOW HITPOINT WARNING * * *
You hit the ribbon worm.
You feel better.
The ribbon worm is severely wounded.
The ribbon worm bites you!
You die...

...######.#....... #####
#### #.#.####.# #.#.. ..#
#.#### ### ### ######.###
########## #.. #........#
#........# #.# #.####.#.#
#.######.# #.#
#.####.#.#####.######.#
#.#
#...........w@.....##.#
#..
####......#.#####.###.##.#
#.. ............#
#........# #..
####.##.....# #####.####
#.. #........# #.# #..
######.### #.# ##. #.#
####.##### #. #.#
#........# #. ##'##
#.##.###.## #.


You could see a ribbon worm.

Vanquished Creatures
  2 adders (D:2)
  A dart slug (D:2)
  A ribbon worm (D:2)
  2 ball pythons (D:2)
  5 bats
  4 endoplasms
  A goblin (D:2)
  A hobgoblin (D:1)
  A quokka (D:1)
  A kobold (D:1)
  2 rats (D:1)
21 creatures vanquished.

Notes
Turn   | Place    | Note
-------+----------+-------------------------------------------
     0 | D:1      | lordive the Merfolk Ice Elementalist began the quest for
                  | the Orb.
     0 | D:1      | Reached XP level 1. HP: 13/13 MP: 3/3
   293 | D:1      | Reached XP level 2. HP: 16/19 MP: 3/5
  1055 | D:2      | Found a faded altar of an unknown god.
  1060 | D:2      | Reached XP level 3. HP: 24/24 MP: 3/6
  1097 | D:2      | Reached skill level 5 in Ice Magic
  1646 | D:2      | HP: 1/24 [ribbon worm (7)]
  1647 | D:2      | Slain by a ribbon worm

Illustrated notes

Levels and vault maps discovered:
D:1:      spicycebolla_arrival_clurvy, layout_loops_corners,
          minmay_misc_feat_diagonals
D:2:      layout_loops_corners, nicolae_ecumenical_snake_handling

Skill      XL: |  1  2  3 |
---------------+----------+-----
Ice Magic      | 5 |  5.2
Dodging        | |  2.7
Stealth        | |  2.2
Spellcasting   | |  2.7

Action                     || total
---------------------------++-------
  Melee: Unarmed           ||     2
         Long sword        ||     2
   Cast: Freeze            ||    47
 Armour: Robe              ||    32
  Dodge: Dodged            ||    25
